 Dungeon Crawl Stone Soup version 0.27.1-33-g824d729ab1 (webtiles) character file.

Game seed: 16292881322819034383

79 hamarrboo the Shooter (level 4, 0/33 HPs)
             Began as a Human Arcane Marksman on Dec 4, 2021.
             Was a Believer of Lugonu.
             Killed from afar by Sigmund (9 damage)
             ... with a puff of flame
             ... on level 2 of the Dungeon.
             The game lasted 00:22:37 (2533 turns).

hamarrboo the Shooter (Human Arcane Marksman)       Turns: 2533, Time: 00:22:38

Health: 0/33       AC:  2    Str: 10    XL:     4   Next: 64%
Magic:  5/5        EV: 12    Int: 14    God:    Lugonu [**....]
Gold:   51         SH:  0    Dex: 14    Spells: 2/5 levels left

rFire    . . .     SeeInvis .   a - +0 shortbow
rCold    . . .     Faith    .   (shield currently unavailable)
rNeg     . . .     Spirit   .   d - +0 robe
rPois    .         Reflect  .   (no helmet)
rElec    .         Harm     .   (no cloak)
rCorr    .         Rampage  .   (no gloves)
Will     .....                  (no boots)
Stlth    +.........             (no amulet)
HPRegen  0.11/turn              (no ring)
MPRegen  0.09/turn              (no ring)

@: no status effects
A: MP-powered wands
a: Renounce Religion, Depart the Abyss, Bend Space


You were on level 2 of the Dungeon.
You worshipped Lugonu.
Lugonu was pleased with you.
You visited 1 branch of the dungeon, and saw 3 of its levels.

You collected 79 gold pieces.
You spent 28 gold pieces at shops.

Inventory:

Hand Weapons
 a - a +0 shortbow (weapon)
 k - a +3 whip
Missiles
 c - 2 arrows (quivered ammo)
 e - 24 sling bullets
 g - 12 poisoned darts
 h - 35 bolts
 l - 20 stones
 m - a throwing net
Armour
 d - a +0 robe (worn)
Scrolls
 b - a scroll of vulnerability {unknown}
 f - a scroll of identify
 j - a scroll of magic mapping {unknown}


   Skills:
 - Level 1.9 Fighting
 * Level 3.8 Bows
 + Level 2.1 Dodging
 + Level 1.0 Spellcasting
 + Level 3.2 Hexes


You had 2 spell levels left.
You knew the following spells:

 Your Spells              Type           Power      Damage    Failure   Level
a - Corona                Hex            10%        N/A       7%          1
b - Slow                  Hex            9%         N/A       11%         2

Your spell library contained the following spells:

 Spells                   Type           Power      Damage    Failure   Level
 Inner Flame              Hex/Fire       5%         N/A       38%         3
 Portal Projectile        Hex/Tloc       10%        N/A       38%         3
 Cause Fear               Hex            4%         N/A       56%         4
 Hailstorm                Conj/Ice       0%         3d3       95%         4
 Ice Form                 Ice/Tmut       0%         N/A       95%         4
 Simulacrum               Ice/Necr       0%         N/A       100%        6


Dungeon Overview and Level Annotations

Branches:
Dungeon (3/15)

Altars:
Lugonu

Shops:
D:1 (*

Annotations:
D:2 Sigmund


Innate Abilities, Weirdness & Mutations

You expend magic power (3 MP) to strengthen your wands.


Message History

Confirm with . or Enter, or press ? or * to list all spells.
Aiming: Slow (safe; 11% risk of failure)
Press: ? - help, Shift-Dir - straight line, f/p - Sigmund
Aim: Sigmund, wielding a +4 scythe of protection and wearing a +2 robe of the Archmagi (chance to affect: 52%) Sigmund seems to slow down.
Sigmund gestures at you while chanting. The magic dart hits you!
You shoot an arrow.
The arrow hits Sigmund but does no damage.
Sigmund gestures wildly while chanting.
Sigmund flickers and vanishes!
Deactivating autopickup; reactivate with Ctrl-A.
Your magical contamination has completely faded away.
A puff of flame appears from out of thin air!
The puff of flame misses you.
You see here an arrow.
c - 11 arrows (gained 1) Sigmund asks, "Do you like me?"
You shoot an arrow.
The arrow hits Sigmund but does no damage.
You shoot an arrow. The arrow closely misses Sigmund.
You shoot an arrow. The arrow barely misses Sigmund.
You shoot an arrow. The arrow barely misses Sigmund.
You shoot an arrow.
The arrow hits Sigmund but does no damage.
Sigmund closely misses you.
You shoot an arrow. The arrow barely misses Sigmund.
Sigmund hits you from afar with a +4 scythe of protection!
You shoot an arrow. The arrow closely misses Sigmund.
You shoot an arrow.
The arrow hits Sigmund but does no damage.
Sigmund closely misses you.
You shoot an arrow. The arrow hits Sigmund!
Sigmund is moderately wounded.
Sigmund hits you from afar with a +4 scythe of protection!
* * * LOW HITPOINT WARNING * * *
You are too injured to fight recklessly!
Sigmund casts a spell at you. The puff of flame hits you!
You die...

########
#......###########
#)####..........|.
#@################
#.#...............
#.#.#########..###
#.#.# #..#
#@#.###### #..#
#.(.(.((.# #..#
#...####.# #..#
#...# #.# #..###
#...####.####..##.


You could see Sigmund.

Vanquished Creatures
  4 adders (D:2)
  A dart slug (D:1)
  3 ball pythons
  An endoplasm (D:1)
  2 giant cockroaches (D:1)
  7 hobgoblins
  6 kobolds
  3 quokkas
  4 bats
  7 frilled lizards
  2 goblins (D:1)
  4 rats (D:1)
44 creatures vanquished.

Notes
Turn   | Place    | Note
-------+----------+-------------------------------------------
     0 | D:1      | hamarrboo the Human Arcane Marksman began the quest for the
                  | Orb.
     0 | D:1      | Reached XP level 1. HP: 15/15 MP: 2/2
    68 | D:1      | Reached XP level 2. HP: 21/21 MP: 3/3
    89 | D:1      | Learned a level 2 spell: Slow
   218 | D:1      | Found Myocic's Weapon Shop.
   394 | D:1      | Found Rekenudgh's General Store.
   465 | D:1      | Reached XP level 3. HP: 26/26 MP: 1/4
   669 | D:1      | Found a faded altar of an unknown god.
  1224 | D:1      | Became a worshipper of Lugonu the Unformed
  1224 | D:1      | Reached * piety under Lugonu
  1224 | D:1      | Reached ** piety under Lugonu
  1312 | D:1      | Bought a scroll of identify for 28 gold pieces
  1456 | D:2      | Reached XP level 4. HP: 23/33 MP: 5/5
  1681 | D:2      | Noticed Sigmund
  1777 | D:1      | Gained mutation: You expend magic power (3 MP) to
                  | strengthen your wands. [potion of mutation]
  2533 | D:2      | Killed from afar by Sigmund

Illustrated notes

Levels and vault maps discovered:
D:1:      dpeg_arrival_round_c, layout_basic,
          shapermc_ecumenical_altar_starsandcircs, serial_shops,
          nicolae_shop_temple_entry_statues_fountains, shop_statue
D:2:      layout_loops_ring, uniq_sigmund
D:3:      minmay_general_purpose_star, layout_loops_corners,
          kennysheep_pointless_box, kennysheep_potato, uniq_robin

Skill      XL: |  1  2 |
---------------+-------+-----
Bows           | 3 |  3.8
Fighting       | |  1.9
Dodging        | |  2.1
Spellcasting   | |  1.0
Hexes          | |  3.2

Action                   |  1- 3 |  4- 6 || total
-------------------------+-------+-------++-------
Melee: Whip              |       |    18 ||    18
 Fire: Shortbow          |    98 |    14 ||   112
 Cast: Slow              |    11 |     3 ||    14
  Use: Scroll            |     3 |       ||     3
       Potion            |       |     1 ||     1
Armor: Robe              |     3 |     4 ||     7
Dodge: Dodged            |    11 |    19 ||    30
